 Dungeon Crawl Stone Soup version 0.32-a0-913-g739538afd8 (webtiles) character file.

Game seed: 10564530720833982061

97 rigrig the Ruffian (level 4, -3/29 HPs)
             Began as an Octopode Shapeshifter on Apr 8, 2024.
             Slain by a water moccasin (7 damage)
             ... on level 2 of the Dungeon.
             The game lasted 00:05:30 (2015 turns).

rigrig the Ruffian (Octopode Shapeshifter)          Turns: 2015, Time: 00:05:30

Health: -3/29      AC:  5    Str: 15    XL:     4   Next: 68%
Magic:  4/4        EV: 12    Int: 12    God:
Gold:   785        SH:  0    Dex: 11    Spells: 3/3 levels left

rFire   . . .        q - +2 short sword (flame)
rCold   . . .        (no shield)
rNeg    . . .        (helmet currently unavailable)
rPois   .            (no amulet)
rElec   .            n - +4 ring of protection
rCorr   .            (no ring)
SInv    .            (no ring)
Will    .....        (no ring)
Stlth   +++          (no ring)
HPRegen 0.24/turn    (no ring)
MPRegen 0.09/turn    (no ring)
                     (no ring)

%: no passive effects
@: lethally poisoned (-3 -> -6), beast-form
A: beast (slay +2), almost no armour, amphibious, 8 rings, camouflage 1,
gelatinous body 1, (nimble swimmer 1), tentacles
a: Begin Untransformation


You were on level 2 of the Dungeon.
You were a hulking beast.
You visited 1 branch of the dungeon, and saw 3 of its levels.

You collected 785 gold pieces.

Inventory:

Hand Weapons
 q - a +2 short sword of flaming (weapon)
Armour
 r - the +0 mask of the Dragon {Will+ Slay+3 SInv}
   (You acquired it on level 3 of the Dungeon)

   Slay+3:    It affects your accuracy & damage with ranged weapons and melee
   (+3).
   Will+:     It increases your willpower.
   SInv:      It lets you see invisible.
Jewellery
 n - a +4 ring of protection (left tentacle)
Talismans
 b - a beast talisman (active)
 c - a flux talisman
 k - a blade talisman
Wands
 m - a wand of flame (11)
Scrolls
 d - a scroll of enchant armour {unknown}
 e - a scroll of revelation {unknown}
 f - a scroll of immolation {unknown}
 i - a scroll of torment {unknown}
 j - a scroll of teleportation
 o - a scroll of silence
Potions
 a - 2 potions of lignification
 h - a potion of mutation {!q}
 l - a potion of magic


   Skills:
 + Level 1.7 Fighting
 + Level 2.5 Dodging
 + Level 1.8 Stealth
 * Level 3.8 Unarmed Combat
 * Level 3.6 Shapeshifting


You had 3 spell levels left.
You didn't know any spells.
Your spell library was empty.

Dungeon Overview and Level Annotations

Branches:
Dungeon (3/15)

Altars:


Innate Abilities, Weirdness & Mutations

You are a hulking beast.
Your limbs bulge with bestial killing power. (Slay +2)
You cannot wear most types of armour.
You are amphibious.
You can wear up to eight rings at the same time.
Your skin changes colour to match your surroundings (Stealth+).
Your rubbery body absorbs attacks. (AC +1, EV +1)
((You are camouflaged when in or above water. (Stealth+)))
You have tentacles for arms and can constrict up to eight enemies at once.


Message History

The orc shouts!
The orc priest shouts!
The water moccasin hisses angrily.
You grab the orc. You constrict the orc. The orc hits you with a +0 flail!
The orc priest invokes the aid of Beogh against you.
Beogh smites you!
Ouch! That really hurt!
* * * LOW HITPOINT WARNING * * *
The orc priest shouts, "The Pantheon deserves no one's loyalty.
Let us show you the true path!" (press Y on the ability menu to convert to Beogh)
You release your grip on the orc.
An orc comes into view. It is wielding a +0 whip.
A bombardier beetle comes into view.
Okay, then.
The orc attacks as it pursues you! The orc hits you with a +0 short sword.
* * * LOW HITPOINT WARNING * * *
The orc attacks as it pursues you! The orc barely misses you.
There is a stone staircase leading up here.
The orc hits you with a +0 short sword.
* * * LOW HITPOINT WARNING * * *
You climb upwards.
There is a stone staircase leading down here.
You hit the orc. You burn the orc.
You kill the orc!
You start resting.
HP restored.
You climb downwards.
The water moccasin bites you. x2
You are poisoned.
The water moccasin poisons you! The water moccasin bites you.
There is a stone staircase leading up, spattered with blood here.
You feel very sick. The water moccasin barely misses you.
The orc closely misses you.
You climb upwards.
You feel very sick.
There is a stone staircase leading down here.
You feel sick.
The water moccasin attacks as it pursues you!
The water moccasin bites you. The orc hits you with a +0 flail.
* * * LOW HITPOINT WARNING * * *
* * * LOW HITPOINT WARNING * * *
You feel sick. The water moccasin bites you!
You die...

.#.#.##.####...# ###########
...#.##.####...#### #~
####.##.#.........#############♣~
...#.##.......................~~~
.#.#.####.÷.......#############~~
.#.#.# ##.#...#.######### ##♣
.#.#.# #.#....o[.......########
.#...# ###.#...#S#######.........
'#######...#####h# ##########
.........#...<...#
##################


You could see a water moccasin and an orc.

Vanquished Creatures
  A bombardier beetle (D:2)
  2 adders
  A ribbon worm (D:2)
  A dart slug (D:1)
  An orc (D:2)
  2 endoplasms (D:2)
  2 giant cockroaches
  5 hobgoblins
  2 jackals (D:2)
  5 quokkas
  4 ball pythons
  4 bats
  4 frilled lizards
  2 kobolds
  3 rats (D:2)
39 creatures vanquished.

Notes
Turn   | Place    | Note
-------+----------+-------------------------------------------
     0 | D:1      | rigrig the Octopode Shapeshifter began the quest for the
                  | Orb.
     0 | D:1      | Reached XP level 1. HP: 13/13 MP: 1/1
   177 | D:1      | Reached XP level 2. HP: 16/18 MP: 2/2
   536 | D:1      | Reached skill level 1 in Stealth
   890 | D:2      | Reached XP level 3. HP: 17/23 MP: 3/3
  1007 | D:2      | Reached XP level 4. HP: 24/29 MP: 4/4
  1839 | D:3      | Identified 2 scrolls of acquirement
  1843 | D:2      | Acquired the +0 mask of the Dragon {Will+ Slay+3 SInv}
  1843 | D:2      | Found the +0 mask of the Dragon {Will+ Slay+3 SInv}
  1845 | D:2      | Acquired 693 gold pieces
  1905 | D:3      | Noticed a water moccasin
  2015 | D:2      | Slain by a water moccasin

Illustrated notes

Levels and vault maps discovered:
D:1:      psy_arrival_dodecagon, layout_basic
D:2:      layout_loops_ring, serial_bayou, serial_bayou_ford_a,
          serial_bayou_shore_a, serial_bayou_pond_d, serial_bayou_pond_b,
          roderic_serpentine_path
D:3:      layout_loops_cross, nicolae_ru_the_path_less_chosen

Skill      XL: |  1  2 |
---------------+-------+-----
Stealth        | 1 |  1.8
Fighting       | |  1.7
Dodging        | |  2.5
Unarmed Combat | |  3.8
Shapeshifting  | |  3.6

Action                     |  1- 3 |  4- 6 || total
---------------------------+-------+-------++-------
  Melee: Unarmed           |    41 |    24 ||    65
         Constrict         |    13 |     7 ||    20
         Tentacles         |     5 |     3 ||     8
         Punch             |     2 |     1 ||     3
         Short sword       |       |    12 ||    12
    Use: Scroll            |       |     5 ||     5
         Potion            |       |     1 ||     1
   Stab: Sleeping          |     7 |     3 ||    10
 Armour: Skin              |     9 |    29 ||    38
  Dodge: Dodged            |    16 |    28 ||    44

Table legend: (Time is in decaauts)
 A = Elapsed time spent in this place.
 B = Non-inter-level travel time spent in this place.
 C = Inter-level travel time spent in this place.
 D = Time resting spent in this place.
 E = Time spent auto-exploring this place.
 F = Levels seen in this place.
 G = Mean time per level.
                   A        B        C        D        E       F      G
               +--------+--------+--------+--------+--------+-----+--------+
         Total |   2011 |   1927 |     84 |     91 |   1556 |   3 |  670.3 |
       Dungeon |   2011 |   1927 |     84 |     91 |   1556 |   3 |  670.3 |
               +--------+--------+--------+--------+--------+-----+--------+

Top non-repeatable levels by time:
     D:2: 1193 daAuts
     D:1: 778 daAuts
     D:3: 39 daAuts
